[Event "*** SCC Grand Prix: Titled Tuesday Blitz"]
[Site "Chess.com"]
[Date "2020.09.29"]
[Round "3"]
[White "Atakishiyev04"]
[Black "Artem_Sadovsky"]
[Result "0-1"]
[WhiteElo "2691"]
[BlackElo "2515"]
[TimeControl "180+1"]
[EndTime "10:31:20 PDT"]
[Termination "Artem_Sadovsky won by checkmate"]

1. d4 g6 2. Nf3 Bg7 3. g3 d6 4.
Bg2 e5 5. O-O e4 6. Nfd2 f6 7.
e3 f5 8. f3 d5 9. fxe4 dxe4 10. c4 Nf6 11. Nc3 h5 12. Qe1 h4 13. gxh4 Ng4 14. Nb3 Bf6 15. h3 Bxh4 16. Qe2 Bg3 17. Bxe4 fxe4 18. Qg2 Bf2+ 19. Rxf2 Nxf2 20. Qxf2 Qg5+ 21.
Qg2 Qxg2+ 22. Kxg2 Bxh3+ 23. Kf2 Bf5 24. Bd2 Nd7 25.
Rg1 O-O 26. Ke1 Nf6 27. d5 Kf7 28. Nd4 Rh8 29. Ncb5 Rh2 30. Nxc7 Rah8 31. c5 Rh1 32. Rxh1 Rxh1+ 33. Kf2 Rh2+ 34. Ke1 Rh1+ 35. Kf2 Ng4+ 36. Kg3 Rg1+ 37. Kf4 Rf1+ 38. Kg5 Rf2 39. Bc3 Nxe3 40. d6 Bd7 41. b4 Nd1 42. Be1 e3 43. b5 Rf1 44. Bg3 Rg1 45. Kf4 g5+ 46. Kf3 g4+ 47. Kf4 Nc3 48. c6 bxc6 49. bxc6 Bxc6 50. Kxe3 Rxg3+ 51. Kf4 Rf3+ 52. Kxg4 Rd3 53. Nxc6 Rxd6 54. Ne5+ Kg7 55. Ne8+ Kf8 56. Nxd6 Ke7 57. Nf5+ Ke6 58.
Nd3 Nxa2 59. Kf4 Kd5 60. Ne3+ Kd4 61. Ne5 Nc3 62. Nc6+ Kd3 63. Nf5 a6 64. Ke5 Kc4 65. Kd6 Kb5 66. Kc7 Nd5+ 67. Kd6 Nb6 68. Nfd4+ Kc4 69.
Kc7 Nd5+ 70. Kd6 a5 71. Ne6 a4 72. Ne5+ Kc3 73. Kxd5 a3 74. Nc5 a2 75. Ne4+ Kc2 76. Nf3 a1=Q 77. Nd4+ Kd3 78. Nb5 Qa2+ 79. Ke5 Qb2+ 80.
Kd5 Qxb5+ 81. Nc5+ Kc2 82. Kd6 Qf1 83. Nd7 Qh1 84. Ne5 Kb1 85. Nc6 Ka1 86. Kc5 Qh6 87. Nd4 Qh5+ 88. Kc4 Qh4 89. Kc3 Ka2 90. Nc2 Qf6+ 91.
Nd4 Ka3 92. Kc4 Qe5 93. Nb5+ Ka4 94. Nc3+ Ka5 95. Kd3 Qc7 96. Ne4 Qd8+ 97. Ke3 Kb4 98. Kf4 Kc4 99. Ng3 Kd4 100. Nf5+ Kd5 101. Ne3+ Ke6 102. Ke4 Qh4+ 103. Kf3 Ke5 104. Ng4+ Kf5 105. Ne3+ Kg5 106. Ng2 Qg4+ 107. Kf2 Qh3 108. Ne3 Kf4 109. Ng2+ Ke4 110. Ne1 Qh2+ 111. Ng2 Qh3 112. Ne1 Qe3+ 113. Kf1 Qd2 114. Ng2 Kf3 115. Nh4+ Kg4 116. Ng2 Kg3 117. Ne1 Qf2# 0-1

[Event "*** SCC Grand Prix: Titled Tuesday Blitz"]
[Site "Chess.com"]
[Date "2020.09.29"]
[Round "4"]
[White "Colombiano07"]
[Black "Nikolaj_6"]
[Result "0-1"]
[WhiteElo "2345"]
[BlackElo "2574"]
[TimeControl "180+1"]
[EndTime "10:32:28 PDT"]
[Termination "Nikolaj_6 won by resignation"]

1. c4 Nf6 2. g3 e5 3. Bg2 d5 4.
cxd5 Nxd5 5. Nc3 Nb6 6. Nf3 Nc6 7. O-O Be7 8. d3 O-O 9. Be3 Re8 10. Rc1 Bf8 11. Na4 e4 12. dxe4 Qxd1 13. Rfxd1 Nxa4 0-1

[Event "*** SCC Grand Prix: Titled Tuesday Blitz"]
[Site "Chess.com"]
[Date "2020.09.29"]
[Round "4"]
[White "RestartingChess"]
[Black "Supernotar"]
[Result "0-1"]
[WhiteElo "2524"]
[BlackElo "2801"]
[TimeControl "180+1"]
[EndTime "10:32:55 PDT"]
[Termination "Supernotar won by resignation"]

1. e4 c6 2. d4 d5 3. exd5 cxd5 4.
c4 Nf6 5. Nc3 e6 6. Nf3 Be7 7. Bd3 O-O 8. O-O dxc4 9. Bxc4 a6 10. Bg5 b5 11. Bb3 Bb7 12. Rc1 Nbd7 13. Re1 Nb6 14. Ne5 Nbd5 15. Bxf6 Bxf6 16. Bxd5 Bxd5 17. Nxd5 Qxd5 18. a3 Rfd8 19. Rc7 Bxe5 20. Rc5 Qxd4 21. Rcxe5 0-1

[Event "*** SCC Grand Prix: Titled Tuesday Blitz"]
[Site "Chess.com"]
[Date "2020.09.29"]
[Round "4"]
[White "FMJoseHerrera"]
[Black "Zkid"]
[Result "0-1"]
[WhiteElo "2554"]
[BlackElo "2822"]
[TimeControl "180+1"]
[EndTime "10:33:16 PDT"]
[Termination "Zkid won by resignation"]

1. Nf3 d5 2. g3 c6 3. Bg2 Bg4 4. d3 Nd7 5. O-O Ngf6 6. c3 e5 7. Qb3 Nc5 8. Qc2 Bd6 9. b4 Ne6 10. a4 O-O 11. Bb2 e4 12. dxe4 dxe4 13. Ng5 Nxg5 0-1

[Event "*** SCC Grand Prix: Titled Tuesday Blitz"]
[Site "Chess.com"]
[Date "2020.09.29"]
[Round "4"]
[White "chessdjw"]
[Black "vladislavkovalev"]
[Result "1/2-1/2"]
[WhiteElo "2642"]
[BlackElo "2827"]
[TimeControl "180+1"]
[EndTime "10:33:54 PDT"]
[Termination "Game drawn by repetition"]

1. c4 g6 2. Nc3 Bg7 3. d4 d6 4. e4 e5 5. Nge2 Nc6 6. Be3 exd4 7. Nxd4 Nge7 8. h4 O-O 9. h5 f5 10. hxg6 hxg6 11. exf5 Bxd4 12. Bxd4 Nxf5 13. Rh8+ Kf7 14. Rh7+ Kg8 15. Rh8+ Kf7 16. Rh7+ Kg8 17. Rh8+ 1/2-1/2

[Event "*** SCC Grand Prix: Titled Tuesday Blitz"]
[Site "Chess.com"]
[Date "2020.09.29"]
[Round "4"]
[White "aljado"]
[Black "ajgreen"]
[Result "0-1"]
[WhiteElo "2059"]
[BlackElo "2369"]
[TimeControl "180+1"]
[EndTime "10:34:14 PDT"]
[Termination "ajgreen won by resignation"]

1. e4 c5 2. Nf3 e6 3. d4 cxd4 4. Nxd4 Nc6 5. Nc3 Nf6 6. a3 Be7 7. Be3 d6 8. f4 O-O 9. Bd3 e5 10.
Nxc6 bxc6 11. O-O exf4 12. Bxf4 Nd7 13. Bc4 Ne5 14. Bxe5 dxe5 15. Qh5 Qd4+ 16. Rf2 Qxc4 17. Qxe5 Bc5 0-1

[Event "*** SCC Grand Prix: Titled Tuesday Blitz"]
[Site "Chess.com"]
[Date "2020.09.29"]
[Round "4"]
[White "ChessAurochs"]
[Black "FMalexhdez"]
[Result "1-0"]
[WhiteElo "2580"]
[BlackElo "2237"]
[TimeControl "180+1"]
[EndTime "10:34:28 PDT"]
[Termination "ChessAurochs won by resignation"]

1. e4 c5 2. Nf3 d6 3. d4 cxd4 4. Nxd4 Nf6 5. Nc3 a6 6. Be3 e5 7. Nb3 Be6 8. f4 exf4 9. Bxf4 Nc6 10.
Qd2 Be7 11. O-O-O Ne5 12. Nd4 Rc8 13. Nf5 Bxf5 14. exf5 O-O 15. h3 b5 16. g4 b4 17. Nd5 Nxd5 18. Qxd5 Bg5 19. Bxg5 Qxg5+ 20. Kb1 Nc4 21. Bxc4 1-0

[Event "*** SCC Grand Prix: Titled Tuesday Blitz"]
[Site "Chess.com"]
[Date "2020.09.29"]
[Round "4"]
[White "Nara_Kh"]
[Black "Shivagami"]
[Result "1-0"]
[WhiteElo "2401"]
[BlackElo "2205"]
[TimeControl "180+1"]
[EndTime "10:34:36 PDT"]
[Termination "Nara_Kh won by resignation"]

1. e4 c5 2. Nf3 d6 3. d4 cxd4 4. Nxd4 Nf6 5. Nc3 a6 6. h3 h5 7. g3 e5 8. Nf3 Be7 9. Bg2 b5 10. Bg5 O-O 11. Bxf6 Bxf6 12. Nd5 g6 13. Qd2 Bg7 14.
O-O-O Qd7 15. Nb6 Qc6 16. Nxa8 Qxa8 17. Qxd6 Be6 18. Nxe5 Rc8 19. Nxg6 1-0

[Event "*** SCC Grand Prix: Titled Tuesday Blitz"]
[Site "Chess.com"]
[Date "2020.09.29"]
[Round "4"]
[White "swimmerchess"]
[Black "manitodeplomo"]
[Result "1-0"]
[WhiteElo "2833"]
[BlackElo "2581"]
[TimeControl "180+1"]
[EndTime "10:34:39 PDT"]
[Termination "swimmerchess won by resignation"]

1. e4 c5 2. Nf3 e6 3. d4 cxd4 4.
Nxd4 a6 5. Nc3 Qc7 6. Bd3 Nf6 7.
O-O b5 8. Re1 d6 9. a4 b4 10.
Na2 Be7 11. Bd2 a5 12. c3 bxc3 13. Nxc3 O-O 14. Rc1 Qb7 15. Ncb5 Bd7 16. Rc7 Qb6 17. Be3 Na6 18. Nf5 1-0

[Event "*** SCC Grand Prix: Titled Tuesday Blitz"]
[Site "Chess.com"]
[Date "2020.09.29"]
[Round "4"]
[White "valeriocarnicelli"]
[Black "Jumbo"]
[Result "1-0"]
[WhiteElo "2522"]
[BlackElo "2697"]
[TimeControl "180+1"]
[EndTime "10:35:00 PDT"]
[Termination "valeriocarnicelli won by resignation"]

1. e4 e5 2. Nf3 Nc6 3. d4 exd4 4. Bc4 Nf6 5. e5 d5 6. Bb5 Ne4 7. Nxd4 Bd7 8. Bxc6 bxc6 9. O-O c5 10. Nb3 Bb5 11.
Re1 Ba6 12. f3 Ng5 13. Bxg5 Qxg5 14. Qxd5 Qd8 15. Qc6+ Ke7 16. Qxa6 1-0

[Event "*** SCC Grand Prix: Titled Tuesday Blitz"]
[Site "Chess.com"]
[Date "2020.09.29"]
[Round "4"]
[White "keepitcool9499"]
[Black "saraswathii"]
[Result "1-0"]
[WhiteElo "2616"]
[BlackElo "2382"]
[TimeControl "180+1"]
[EndTime "10:35:01 PDT"]
[Termination "keepitcool9499 won by resignation"]

1. d4 g6 2. c4 Bg7 3. Nc3 e6 4. e4 Ne7 5. Nge2 d5 6. f3 dxc4 7. Be3 O-O 8. Qd2 a6 9. Bh6 b5 10. h4 f5 11. Bxg7 Kxg7 12. h5 Rh8 13. O-O-O Nbc6 14. d5 exd5 15. exd5 Nb4 16. Nf4 Qd6 17. a3 Nd3+ 18.
Bxd3 cxd3 19. Nxd3 1-0

[Event "*** SCC Grand Prix: Titled Tuesday Blitz"]
[Site "Chess.com"]
[Date "2020.09.29"]
[Round "4"]
[White "Riptide27"]
[Black "Dr-Bassem"]
[Result "0-1"]
[WhiteElo "2513"]
[BlackElo "2762"]
[TimeControl "180+1"]
[EndTime "10:35:05 PDT"]
[Termination "Dr-Bassem won by resignation"]

1. d4 e6 2. e4 d5 3. Nc3 Bb4 4. e5 c5 5. Qg4 Ne7 6. dxc5 Nbc6 7. Nf3 d4 8. Bb5 Qa5 9. O-O dxc3 10. Bxc6+ bxc6 0-1

[Event "*** SCC Grand Prix: Titled Tuesday Blitz"]
[Site "Chess.com"]
[Date "2020.09.29"]
[Round "4"]
[White "karinachess1"]
[Black "Playgood28"]
[Result "1-0"]
[WhiteElo "2508"]
[BlackElo "2319"]
[TimeControl "180+1"]
[EndTime "10:35:14 PDT"]
[Termination "karinachess1 won by resignation"]

1. e4 e5 2. Nf3 d6 3. d4 exd4 4. Nxd4 Nf6 5. Nc3 Be7 6. Bf4 O-O 7. Be2 a6 8. O-O c5 9. Nf3 Nc6 10. h3 b5 11. Re1 b4 12. Nd5 Nxd5 13. exd5 Nb8 14. Bd3 Nd7 15. Qe2 Bf6 16. Bxd6 Bxb2 17. Bxf8 Bxa1 18. Be7 Qe8 19. Rxa1 1-0

[Event "*** SCC Grand Prix: Titled Tuesday Blitz"]
[Site "Chess.com"]
[Date "2020.09.29"]
[Round "4"]
[White "Parhamov"]
[Black "sofaceindisguise"]
[Result "1-0"]
[WhiteElo "2966"]
[BlackElo "2713"]
[TimeControl "180+1"]
[EndTime "10:35:19 PDT"]
[Termination "Parhamov won by resignation"]

1. e4 c5 2. Nc3 Nc6 3. Bb5 Nd4 4. Nf3 e6 5. O-O Ne7 6. Nxd4 cxd4 7. Ne2 Nc6 8. c3 Bc5 9. b4 Bb6 10. a4 a6 11. Bxc6 dxc6 12. cxd4 Bxd4 13. Ra3 Bf6 14. d4 O-O 15. Rg3 g6 16. Bh6 Re8 17. e5 Be7 18. Nc3 Bxb4 19. Ne4 Be7 20. Qg4 b5 21. Rf3 bxa4 22.
h4 c5 23. Qf4 Rf8 24. Nxc5 a3 25. h5 a2 26. Ra1 Bxc5 27. dxc5 Bb7 28. Rd3 Bd5 29.
Rxa2 Bxa2 30. Rxd8 1-0

[Event "*** SCC Grand Prix: Titled Tuesday Blitz"]
[Site "Chess.com"]
[Date "2020.09.29"]
[Round "4"]
[White "goldenpuppy"]
[Black "latixxa"]
[Result "1-0"]
[WhiteElo "2387"]
[BlackElo "2186"]
[TimeControl "180+1"]
[EndTime "10:35:25 PDT"]
[Termination "goldenpuppy won by resignation"]

1. e4 c5 2. Nf3 d6 3. d4 cxd4 4. Nxd4 Nf6 5. Nc3 g6 6. Be3 Bg7 7. f3 O-O 8. Qd2 Nc6 9. Bc4 Bd7 10. Bb3 Nxd4 11. Bxd4 b5 12. h4 a5 13. a4 bxa4 14.
Bxa4 Rb8 15. Bxd7 Qxd7 16. b3 Rfc8 17. Rxa5 Qc7 18. Ra7 Qd8 19. h5 Rc7 20. Rxc7 Qxc7 21. hxg6 hxg6 22. Bxf6 Bxf6 23. Nd5 Qc5 24. Nxf6+ exf6 25. Qh6 Qc3+ 26. Kf2 Qd4+ 27. Kg3 Qe5+ 28. Kf2 Qd4+ 29.
Ke2 1-0

[Event "*** SCC Grand Prix: Titled Tuesday Blitz"]
[Site "Chess.com"]
[Date "2020.09.29"]
[Round "4"]
[White "GameOverBro"]
[Black "tigra"]
[Result "1-0"]
[WhiteElo "2548"]
[BlackElo "2810"]
[TimeControl "180+1"]
[EndTime "10:35:27 PDT"]
[Termination "GameOverBro won by checkmate"]

1. e4 c5 2. Ne2 d6 3. g3 h5 4. h3 e5 5. Bg2 h4 6. g4 g5 7. c3 c4 8. b3 Be6 9. bxc4 Bxc4 10. d3 Ba6 11. c4 Nc6 12. Nbc3 Nf6 13. Bxg5 Be7 14.
Be3 Nd7 15. Nd5 Rc8 16. O-O Bg5 17. Qd2 Bxe3 18. fxe3 Nc5 19. Rf5 Ne7 20. Nf6+ Kf8 21. Rf2 Ng8 22. Raf1 Rc7 23. Nc3 Nxf6 24. Rxf6 Kg7 25. Nd5 Rd7 26. Qf2 Qg8 27. Qf5 Rh7 28. Rg6+ fxg6 29. Qf6+ Kh6 30. g5+ Kh5 31. Bf3# 1-0

[Event "*** SCC Grand Prix: Titled Tuesday Blitz"]
[Site "Chess.com"]
[Date "2020.09.29"]
[Round "4"]
[White "aNaartjieZA"]
[Black "GalperinPlaton"]
[Result "0-1"]
[WhiteElo "2515"]
[BlackElo "2769"]
[TimeControl "180+1"]
[EndTime "10:35:27 PDT"]
[Termination "GalperinPlaton won by resignation"]

1. e4 e5 2. Nf3 Nc6 3. Bb5 a6 4. Ba4 b5 5. Bb3 g6 6. d3 Bg7 7.
c3 Nge7 8. Nbd2 O-O 9. h4 d5 10.
h5 Bg4 11. h6 Bh8 12. Qe2 Qd7 13. Nf1 a5 14. a3 b4 15. Ne3 bxc3 16. bxc3 Bxf3 17.
Qxf3 d4 18. Nd5 Nxd5 19. exd5 Ne7 20. cxd4 Nf5 21. Bb2 Qb5 22. Qd1 a4 23. dxe5 axb3 24. Qf3 Rfe8 25. d4 Rad8 26. g4 Ne7 27. e6 f5 28. gxf5 Nxf5 29. Rg1 Qxd5 0-1

[Event "*** SCC Grand Prix: Titled Tuesday Blitz"]
[Site "Chess.com"]
[Date "2020.09.29"]
[Round "4"]
[White "MrChampion_Coach"]
[Black "TheMagnet"]
[Result "1-0"]
[WhiteElo "2372"]
[BlackElo "2586"]
[TimeControl "180+1"]
[EndTime "10:35:37 PDT"]
[Termination "MrChampion_Coach won by resignation"]

1. d4 Nf6 2. c4 g6 3. Nc3 Bg7 4. e4 d6 5. h3 O-O 6. Be3 c5 7. Nf3 cxd4 8. Nxd4 Nc6 9. Be2 Bd7 10. O-O Nxd4 11.
Bxd4 Bc6 12. Qc2 a5 13. Rad1 Nd7 14. Bxg7 Kxg7 15. Bg4 Ne5 16. c5 Nxg4 17. hxg4 Qc8 18. cxd6 exd6 19. g5 Qg4 20. Nd5 Qxg5 21. f4 Qh4 22.
Qc3+ Kh6 23. Rf3 Bxd5 24. Rh3 Qxh3 25. Qxh3+ Kg7 26. Qc3+ Kg8 27. Rxd5 1-0

[Event "*** SCC Grand Prix: Titled Tuesday Blitz"]
[Site "Chess.com"]
[Date "2020.09.29"]
[Round "4"]
[White "anon219"]
[Black "redbaron8888"]
[Result "1-0"]
[WhiteElo "2746"]
[BlackElo "2508"]
[TimeControl "180+1"]
[EndTime "10:35:38 PDT"]
[Termination "anon219 won by resignation"]

1. e4 c5 2. Nf3 d6 3. d4 cxd4 4. Nxd4 Nf6 5. Nc3 a6 6. g3 e6 7. Bg2 Qc7 8. O-O Bd7 9. Re1 Be7 10. a4 O-O 11. a5 Nc6 12. Nb3 b6 13. axb6 Qxb6 14. Be3 Qb7 15. h3 Rfd8 16. Na4 Bf8 17.
Nb6 Rab8 18. Nxd7 Nxd7 19. Qe2 Nc5 20. Nxc5 dxc5 21. e5 a5 22. Rxa5 Qc7 23. Ra6 Nb4 24.
Ra4 Qxe5 25. c3 Nd3 26. Rb1 Qf5 27. Be4 Qxh3 28. Bxd3 1-0

[Event "*** SCC Grand Prix: Titled Tuesday Blitz"]
[Site "Chess.com"]
[Date "2020.09.29"]
[Round "4"]
[White "A-S-00"]
[Black "BanjoKazooieN64"]
[Result "0-1"]
[WhiteElo "2245"]
[BlackElo "2494"]
[TimeControl "180+1"]
[EndTime "10:35:38 PDT"]
[Termination "BanjoKazooieN64 won by resignation"]

1. d4 e5 2. d5 Bc5 3. e3 d6 4. c4 f5 5. Nc3 Nf6 6. g3 O-O 7. Bg2 Qe8 8. Nge2 Qh5 9. O-O f4 10. exf4 Bh3 11. fxe5 Ng4 12. Nf4 Rxf4 13. Bxf4 Bxg2 14.
h4 Bxf1 15. Ne4 Bxc4 16. Nxc5 dxc5 17. d6 cxd6 18. Qxd6 Nc6 19. Qxc5 Ngxe5 0-1

[Event "*** SCC Grand Prix: Titled Tuesday Blitz"]
[Site "Chess.com"]
[Date "2020.09.29"]
[Round "4"]
[White "Sacbutt"]
[Black "Synctel"]
[Result "1-0"]
[WhiteElo "2280"]
[BlackElo "1987"]
[TimeControl "180+1"]
[EndTime "10:35:45 PDT"]
[Termination "Sacbutt won by resignation"]

1. e4 e6 2. d3 d5 3. Nd2 c5 4.
Ngf3 Nc6 5. g3 Bd6 6. Bg2 Nge7 7. O-O O-O 8. Re1 Qc7 9. Nf1 Bd7 10. Qe2 f6 11. c3 Rae8 12. h4 Ne5 13. Nxe5 fxe5 14. Nh2 c4 15. dxc4 dxc4 16. Be3 b5 17. Red1 Bc8 18. a4 a6 19. axb5 axb5 20. Ra7 Bb7 21. Rxb7 Qxb7 22. Rxd6 1-0

[Event "*** SCC Grand Prix: Titled Tuesday Blitz"]
[Site "Chess.com"]
[Date "2020.09.29"]
[Round "4"]
[White "tomsishere"]
[Black "superchthonic"]
[Result "0-1"]
[WhiteElo "2337"]
[BlackElo "2571"]
[TimeControl "180+1"]
[EndTime "10:36:00 PDT"]
[Termination "superchthonic won on time"]

1. d4 c6 2. Nf3 d5 3. e3 Nf6 4. Be2 Bg4 5. O-O e6 6. b3 Nbd7 7. Bb2 a5 8. a3 Be7 9. Nbd2 O-O 10. Ne5 Nxe5 11. Qe1 Ned7 12. Bxg4 Nxg4 13. Qe2 f5 0-1

[Event "*** SCC Grand Prix: Titled Tuesday Blitz"]
[Site "Chess.com"]
[Date "2020.09.29"]
[Round "4"]
[White "abfchess"]
[Black "MFBerna"]
[Result "0-1"]
[WhiteElo "2096"]
[BlackElo "2376"]
[TimeControl "180+1"]
[EndTime "10:36:01 PDT"]
[Termination "MFBerna won by resignation"]

1. d4 Nf6 2. Nf3 e6 3. Bg5 h6 4. Bh4 d5 5. e3 Be7 6. Bd3 b6 7. c3 Bb7 8. Nbd2 Nbd7 9. O-O O-O 10. Ne5 Nxe5 11. dxe5 Nd7 12. Bxe7 Qxe7 13. f4 f6 14. exf6 Nxf6 15. Rf3 e5 16. fxe5 Qxe5 17. Rg3 Rae8 18.
Qe2 Nh5 19. Rf3 Rxf3 20. Nxf3 Qxe3+ 21. Qxe3 Rxe3 22. Bg6 Nf4 23. Bf5 g6 24. Bg4 h5 25.
Bd7 Re2 26. Re1 Rxg2+ 27. Kf1 Ba6+ 0-1

[Event "*** SCC Grand Prix: Titled Tuesday Blitz"]
[Site "Chess.com"]
[Date "2020.09.29"]
[Round "4"]
[White "maxsergej"]
[Black "MariaFominykh"]
[Result "1-0"]
[WhiteElo "2097"]
[BlackElo "2320"]
[TimeControl "180+1"]
[EndTime "10:36:01 PDT"]
[Termination "maxsergej won by resignation"]

1. e4 d6 2. d4 Nf6 3. Nc3 e5 4. Nf3 Nbd7 5. Bc4 Be7 6. O-O O-O 7. Re1 c6 8. Bb3 b5 9. a3 a6 10. h3 Bb7 11. Bg5 h6 12. Bh4 Nh7 13. Bg3 Ng5 14. dxe5 Nxf3+ 15. Qxf3 dxe5 16. Rad1 Qe8 17. Qf5 Bc8 18.
Bxe5 Nc5 19. Qg6 1-0

[Event "*** SCC Grand Prix: Titled Tuesday Blitz"]
[Site "Chess.com"]
[Date "2020.09.29"]
[Round "4"]
[White "MF1966Idrisov"]
[Black "shriyanasmallya"]
[Result "1-0"]
[WhiteElo "2361"]
[BlackElo "1591"]
[TimeControl "180+1"]
[EndTime "10:36:03 PDT"]
[Termination "MF1966Idrisov won by resignation"]

1. Nf3 e6 2. b3 d5 3. Bb2 Nf6 4.
e3 Be7 5. d4 Nbd7 6. Bd3 b6 7.
Nbd2 Bb7 8. O-O Rc8 9. Ne5 c5 10. f4 Ne4 11. Nxe4 dxe4 12. Bb5 Rc7 13. Nxd7 Rxd7 14. dxc5 Bxc5 15. Bd4 Bxd4 16. Qxd4 a6 17. Bxd7+ Qxd7 18. Qxg7 Rf8 19. Rad1 Qc7 20. Qf6 Rg8 21. c4 Qe7 22. Qxe7+ Kxe7 23. Rd4 Rd8 24. Rxd8 Kxd8 25. f5 Ke7 26. f6+ Kd6 27. Rf4 Ke5 28. g4 h6 29.
h4 b5 30. g5 hxg5 31. hxg5 Bc6 32. g6 Be8 33. g7 1-0

[Event "*** SCC Grand Prix: Titled Tuesday Blitz"]
[Site "Chess.com"]
[Date "2020.09.29"]
[Round "4"]
[White "mishanick"]
[Black "alexrustemov"]
[Result "1-0"]
[WhiteElo "3004"]
[BlackElo "2729"]
[TimeControl "180+1"]
[EndTime "10:36:07 PDT"]
[Termination "mishanick won by resignation"]

1. d4 d5 2. c4 e6 3. Nf3 Nf6 4. Nc3 Be7 5. Bf4 O-O 6. e3 b6 7. cxd5 Nxd5 8. Nxd5 exd5 9. Bd3 c5 10. b3 Be6 11. O-O c4 12. bxc4 dxc4 13. Be4 Bd5 14. Qc2 Nc6 15. Bxh7+ Kh8 16. Be4 Rc8 17. a3 b5 18. Nd2 a6 19. h3 Bxe4 20. Nxe4 Na5 21. Nc3 Nb3 22. Ra2 Qd7 23. Qe4 Rfd8 24. Be5 f6 25. Bg3 a5 26. Rb1 b4 27. axb4 axb4 28. Ne2 Ra8 29. Rxa8 1-0

[Event "*** SCC Grand Prix: Titled Tuesday Blitz"]
[Site "Chess.com"]
[Date "2020.09.29"]
[Round "4"]
[White "Godzillator"]
[Black "FearNoEvil12"]
[Result "1-0"]
[WhiteElo "2330"]
[BlackElo "2060"]
[TimeControl "180+1"]
[EndTime "10:36:07 PDT"]
[Termination "Godzillator won by resignation"]

1. d4 b5 2. e4 a6 3. Bd3 Bb7 4.
f4 e6 5. Nf3 Nf6 6. Nbd2 c5 7.
c3 Qb6 8. e5 Nd5 9. Nb3 c4 10.
Nc5 cxd3 11. Nxb7 Qxb7 12. Qxd3 Nc6 13. Bd2 h6 14. O-O d6 15. f5 dxe5 16. fxe6 fxe6 17. Nxe5 Nxe5 18. dxe5 O-O-O 19. Qh3 Qb6+ 20. Kh1 Bc5 21. a4 Rd7 22. axb5 Kb8 23. bxa6 Ka7 24. b4 Be3 25. Be1 Rc8 26. Rf3 Bg5 27. Bf2 Ne3 28. Rxe3 Rcd8 29.
Qf3 Bxe3 30. Bxe3 Rd1+ 31. Rxd1 Rxd1+ 32. Qxd1 Qxe3 33. Qd4+ Qxd4 34. cxd4 Kxa6 35. d5 exd5 36. e6 1-0

[Event "*** SCC Grand Prix: Titled Tuesday Blitz"]
[Site "Chess.com"]
[Date "2020.09.29"]
[Round "4"]
[White "Marcin"]
[Black "Ermito2020"]
[Result "0-1"]
[WhiteElo "2470"]
[BlackElo "2678"]
[TimeControl "180+1"]
[EndTime "10:36:12 PDT"]
[Termination "Ermito2020 won by resignation"]

1. d4 e6 2. c4 f5 3. g3 Nf6 4.
Bg2 Be7 5. Nc3 O-O 6. Nf3 d5 7. O-O c6 8. b3 Nbd7 9. Bf4 Qe8 10. Ne5 Ne4 11. Nxe4 fxe4 12. Nxd7 Bxd7 13. Be5 Qh5 14. f3 exf3 15. exf3 Be8 16. f4 Qxd1 17. Raxd1 Bg6 18. Bh3 Bf5 19. Bxf5 exf5 20. cxd5 cxd5 21. Rc1 Rac8 22. Rfe1 Ba3 23. Rxc8 Rxc8 24. Re2 Kf7 25. Kg2 a5 26. Kf2 g6 27. Ke3 Rc3+ 28. Kd2 Rc8 29.
Kd3 Bb4 30. h3 h5 31. g4 Rc3+ 32. Kd2 Rxh3+ 33. Kd1 fxg4 34. Rc2 Rh1+ 35. Ke2 Rh2+ 36. Kd3 Rxc2 37. Kxc2 0-1

[Event "*** SCC Grand Prix: Titled Tuesday Blitz"]
[Site "Chess.com"]
[Date "2020.09.29"]
[Round "4"]
[White "DonPreuss"]
[Black "Evachess2006"]
[Result "1-0"]
[WhiteElo "2241"]
[BlackElo "1633"]
[TimeControl "180+1"]
[EndTime "10:36:21 PDT"]
[Termination "DonPreuss won by resignation"]

1. d4 d5 2. e4 dxe4 3. Nc3 Nf6 4. f3 b6 5. fxe4 Bb7 6. e5 Nd5 7.
Nf3 e6 8. Bd3 Bb4 9. Bd2 Nd7 10.
O-O Nxc3 11. bxc3 Be7 12. Qe1 O-O 13. Qg3 Re8 14. Ng5 Rf8 15. Bxh7+ Kh8 16. Qh4 Bxg5 17. Bxg5 f6 18. Bg6+ 1-0

[Event "*** SCC Grand Prix: Titled Tuesday Blitz"]
[Site "Chess.com"]
[Date "2020.09.29"]
[Round "4"]
[White "oganromchess"]
[Black "Atakishiyev04"]
[Result "0-1"]
[WhiteElo "2447"]
[BlackElo "2694"]
[TimeControl "180+1"]
[EndTime "10:36:23 PDT"]
[Termination "Atakishiyev04 won by resignation"]

1. e4 e5 2. Nf3 Nc6 3. d4 exd4 4. Nxd4 Nf6 5. Nxc6 bxc6 6. e5 Qe7 7. Qe2 Nd5 8. h4 g6 9. c4 Nb6 10. Bg5 Qe6 11. Bf6 Rg8 12. h5 Ba6 13. hxg6 hxg6 14. Nd2 Be7 15. O-O-O O-O-O 16. Rh3 Bxf6 17. exf6 Qxf6 18.
Ra3 Bb7 19. c5 Nd5 20. Rxa7 Rge8 21. Qc4 Qxf2 22. Bd3 Re1 23. Ne4 Rxd1+ 0-1

[Event "*** SCC Grand Prix: Titled Tuesday Blitz"]
[Site "Chess.com"]
[Date "2020.09.29"]
[Round "4"]
[White "OK97"]
[Black "Susal_De_Silva"]
[Result "1-0"]
[WhiteElo "2797"]
[BlackElo "2524"]
[TimeControl "180+1"]
[EndTime "10:36:24 PDT"]
[Termination "OK97 won by resignation"]

1. d4 Nf6 2. c4 e6 3. Nc3 Bb4 4. f3 c5 5. d5 O-O 6. e4 b5 7. Nh3 bxc4 8. Bxc4 Nxd5 9. Bxd5 exd5 10. Qxd5 Qf6 11. O-O Nc6 12. Bg5 Qd4+ 13. Qxd4 cxd4 14. Nd5 Ba6 15. Rfc1 Rfc8 16. Rxc6 dxc6 17. Nxb4 Bc4 18. b3 Be6 19. Rc1 a5 20. Nxc6 Kf8 21. Nxd4 Rxc1+ 22. Bxc1 Bxh3 23. gxh3 Rc8 24. Bd2 a4 25.
Kf2 axb3 26. axb3 Ke7 27. b4 Kd6 28. Nf5+ Kc6 29. Ne7+ 1-0

[Event "*** SCC Grand Prix: Titled Tuesday Blitz"]
[Site "Chess.com"]
[Date "2020.09.29"]
[Round "4"]
[White "IANOV0007"]
[Black "Violord"]
[Result "0-1"]
[WhiteElo "2483"]
[BlackElo "2694"]
[TimeControl "180+1"]
[EndTime "10:36:27 PDT"]
[Termination "Violord won by resignation"]

1. Nf3 g6 2. g3 Bg7 3. Bg2 e5 4.
d3 d5 5. O-O Ne7 6. e4 O-O 7.
Nc3 c6 8. Re1 d4 9. Ne2 c5 10.
a4 Nbc6 11. Nd2 Be6 12. b3 f5 13. f4 Qd7 14. Nc4 fxe4 15. Bxe4 Bd5 16. Nd2 Rae8 17. Ba3 b6 18. Kh1 Nf5 19. Nc4 Bh6 20. Qd2 exf4 21. Nxf4 Bxe4+ 22. Rxe4 Rxe4 23. dxe4 Bxf4 24. gxf4 Nh4 25.
Qf2 Qg4 26. Bc1 Qd1+ 0-1

[Event "*** SCC Grand Prix: Titled Tuesday Blitz"]
[Site "Chess.com"]
[Date "2020.09.29"]
[Round "4"]
[White "RU_B9"]
[Black "ExcitingTrap"]
[Result "0-1"]
[WhiteElo "1891"]
[BlackElo "2286"]
[TimeControl "180+1"]
[EndTime "10:36:27 PDT"]
[Termination "ExcitingTrap won by resignation"]

1. c4 e5 2. Nc3 Bb4 3. Qc2 Nf6 4. Nf3 Nc6 5. e3 O-O 6. Qf5 d5 7. Qc2 d4 8. Nb1 e4 9. Nxd4 Nxd4 10. exd4 Qxd4 11. Be2 e3 12. fxe3 Qxe3 13. Nc3 Qd4 14. Nb5 Qh4+ 15. g3 Qh3 16. a3 Qg2 17. Rf1 Bg4 18.
Bxg4 Rfe8+ 0-1